BSA
VISTA PANTHERS @ SEATTLE PIKES
03/17/2024
 
TOP OF THE 1ST
Vista Panthers batting - Pitching for Seattle Pikes : LHP David Hill
Pitching: LHP David Hill
Batting: RHB Iván De Jesús 0-0: Swinging Strike
0-1: Ball
1-1: Called Strike
1-2: Ball
2-2: Strikes out swinging
Batting: RHB Salvador Salas 0-0: Ball
1-0: Ball
2-0: Ball
3-0: Swinging Strike
3-1: Foul Ball, location: 2F
3-2: Base on Balls
Batting: RHB John Mendelson 0-0: Called Strike
0-1: Swinging Strike
0-2: Ball
1-2: Ball
2-2: Ball
3-2: Ground out 5-3 (Groundball, 5S)
Salvador Salas to second
Batting: RHB Wilson López 0-0: Called Strike
0-1: Foul Ball, location: 2F
0-2: Ball
Wild Pitch!
Salvador Salas to third
1-2: Foul Ball, location: 2F
1-2: Foul Ball, location: 2F
1-2: Fly out, F8 (Flyball, 8RXD)
Top of the 1st over - 0 run(s), 0 hit(s), 0 error(s), 1 left on base; Vista 0 - Seattle 0
BOTTOM OF THE 1ST
Seattle Pikes batting - Pitching for Vista Panthers : RHP Mario Chávez
Pitching: RHP Mario Chávez
Batting: RHB Lorenzo Ayala 0-0: Ball
1-0: Called Strike
1-1: Foul Ball, location: 2F
1-2: Strikes out swinging
Batting: RHB Tae-kwon Kwon 0-0: Called Strike
0-1: Fly out, F9 (Flyball, 9M)
Batting: RHB António Ortega 0-0: SINGLE (Groundball, 6MD)
Batting: LHB Bruno Lalonde 0-0: Called Strike
0-1: Called Strike
0-2: Ball
1-2: Foul Ball, location: 2F
1-2: Ball
2-2: Reached on error, E4 (Groundball, 4)
António Ortega to second
Batting: RHB Emílio Bruno 0-0: Called Strike
0-1: Ground out 5-3 (Groundball, 5S)
Bottom of the 1st over - 0 run(s), 1 hit(s), 1 error(s), 2 left on base; Vista 0 - Seattle 0
TOP OF THE 2ND
Vista Panthers batting - Pitching for Seattle Pikes : LHP David Hill
Batting: SHB Juan Gómez 0-0: Foul Ball, location: 2F
0-1: Foul Ball, location: 2F
0-2: Ball
1-2: Ball
2-2: Foul Ball, location: 2F
2-2: Foul Ball, location: 2F
2-2: Foul Ball, location: 2F
2-2: Ball
3-2: Foul Ball, location: 2F
3-2: Foul Ball, location: 2F
3-2: SINGLE (Line Drive, 6D)
Batting: RHB Javier Deleón 0-0: Called Strike
0-1: Ball
1-1: Called Strike
1-2: Ball
2-2: Grounds into double play, 6-4-3 (Groundball, 6M)
Batting: LHB Harry Pitts 0-0: Ground out U3 (Groundball, 3L)
Top of the 2nd over - 0 run(s), 1 hit(s), 0 error(s), 0 left on base; Vista 0 - Seattle 0
BOTTOM OF THE 2ND
Seattle Pikes batting - Pitching for Vista Panthers : RHP Mario Chávez
Batting: RHB Dennis Stephenson 0-0: Ball
1-0: Called Strike
1-1: Ball
2-1: Foul Ball, location: 2F
2-2: Ground out 4-3 (Groundball, 4M)
Batting: RHB Iván Gonzáles 0-0: Foul Ball, location: 2F
0-1: DOUBLE (Flyball, 78D)
Batting: RHB Murai Ishihara 0-0: Called Strike
0-1: Ball
1-1: Ball
2-1: Foul Ball, location: 2F
2-2: Fly out, F2 (Popup, 25F)
Batting: RHB Naomi Kitamura 0-0: Called Strike
0-1: Ball
1-1: Foul Ball, location: 2F
1-2: Ball
2-2: SINGLE (Line Drive, 56D)
Iván Gonzáles to third
Batting: RHB Lorenzo Ayala 0-0: Ball
1-0: Ball
Naomi Kitamura steals 2nd base
2-0: Ball
3-0: Ground out 5-3 (Groundball, 5L)
Bottom of the 2nd over - 0 run(s), 2 hit(s), 0 error(s), 2 left on base; Vista 0 - Seattle 0
TOP OF THE 3RD
Vista Panthers batting - Pitching for Seattle Pikes : LHP David Hill
Batting: LHB António Glaviz 0-0: Called Strike
0-1: Foul Ball, location: 2F
0-2: Ball
1-2: Ball
2-2: Foul Ball, location: 2F
2-2: Strikes out swinging
Batting: RHB Andrew Good 0-0: Ball
1-0: SOLO HOME RUN (Flyball, 7D), Distance : 400 ft
Batting: RHB Iván De Jesús 0-0: Ball
1-0: Reached on error, E5 (Groundball, 5)
Batting: RHB Salvador Salas 0-0: Swinging Strike
0-1: Swinging Strike
0-2: Ball
1-2: Grounds into double play, 5-4-3 (Groundball, 56)
Top of the 3rd over - 1 run(s), 1 hit(s), 1 error(s), 0 left on base; Vista 1 - Seattle 0
BOTTOM OF THE 3RD
Seattle Pikes batting - Pitching for Vista Panthers : RHP Mario Chávez
Batting: RHB Tae-kwon Kwon 0-0: Called Strike
0-1: Ball
1-1: Called Strike
1-2: Strikes out swinging
Batting: RHB António Ortega 0-0: Foul Ball, location: 2F
0-1: Called Strike
0-2: Ball
1-2: Ball
2-2: SOLO HOME RUN (Flyball, 78XD), Distance : 423 ft
Batting: LHB Bruno Lalonde 0-0: Foul Ball, location: 2F
0-1: Foul Ball, location: 2F
0-2: Ball
1-2: TRIPLE (Flyball, 8LXD)
Batting: RHB Emílio Bruno 0-0: DOUBLE (Line Drive, 7LM)
Bruno Lalonde scores
Batting: RHB Dennis Stephenson 0-0: Ball
1-0: Ball
2-0: Swinging Strike
2-1: 2-RUN HOME RUN (Flyball, 78XD), Distance : 414 ft
Batting: RHB Iván Gonzáles 0-0: Foul Ball, location: 2F
0-1: Ground out 6-3 (Groundball, 6)
Batting: RHB Murai Ishihara 0-0: Ball
1-0: Called Strike
1-1: Called Strike
1-2: Foul Ball, location: 2F
1-2: Foul Ball, location: 2F
1-2: Ground out 6-3 (Groundball, 56)
Bottom of the 3rd over - 4 run(s), 4 hit(s), 0 error(s), 0 left on base; Vista 1 - Seattle 4
TOP OF THE 4TH
Vista Panthers batting - Pitching for Seattle Pikes : LHP David Hill
Batting: RHB John Mendelson 0-0: Ball
1-0: Ball
2-0: Ball
3-0: Base on Balls
Batting: RHB Wilson López 0-0: Called Strike
0-1: Ball
1-1: Ball
2-1: Ball
3-1: Ground out 4-3 (Groundball, 4S)
John Mendelson to second
Batting: SHB Juan Gómez 0-0: Ball
1-0: Called Strike
1-1: Ball
2-1: Foul Ball, location: 2F
2-2: Foul Ball, location: 2F
2-2: Strikes out swinging
Batting: RHB Javier Deleón 0-0: Ball
1-0: Ball
2-0: Called Strike
2-1: Ball
3-1: Base on Balls
Batting: LHB Harry Pitts 0-0: Called Strike
0-1: Ball
Wild Pitch!
John Mendelson to third
Javier Deleón to second
1-1: Called Strike
1-2: Ball
2-2: Strikes out looking
Top of the 4th over - 0 run(s), 0 hit(s), 0 error(s), 2 left on base; Vista 1 - Seattle 4
BOTTOM OF THE 4TH
Seattle Pikes batting - Pitching for Vista Panthers : RHP Mario Chávez
Batting: RHB Naomi Kitamura 0-0: Ball
1-0: Swinging Strike
1-1: Called Strike
1-2: Ball
2-2: Ground out 6-3 (Groundball, 6M)
Batting: RHB Lorenzo Ayala 0-0: Ball
1-0: Ball
2-0: Ball
3-0: Fly out, F7 (Flyball, 8LD)
Batting: RHB Tae-kwon Kwon 0-0: Swinging Strike
0-1: Ball
1-1: Foul Ball, location: 2F
1-2: Ball
2-2: Ball
3-2: SOLO HOME RUN (Flyball, 78XD), Distance : 411 ft
Batting: RHB António Ortega 0-0: SINGLE (Groundball, 13) (infield hit)
Batting: LHB Bruno Lalonde 0-0: Ball
1-0: Ball
2-0: Foul Ball, location: 2F
2-1: Ball
3-1: Called Strike
3-2: Foul Ball, location: 2F
3-2: Strikes out swinging
Bottom of the 4th over - 1 run(s), 2 hit(s), 0 error(s), 1 left on base; Vista 1 - Seattle 5
TOP OF THE 5TH
Vista Panthers batting - Pitching for Seattle Pikes : LHP David Hill
Pitching: RHP Jesús Mendoza
Batting: LHB António Glaviz 0-0: Ball
1-0: Called Strike
1-1: Ball
2-1: Ball
3-1: Base on Balls
Batting: RHB Andrew Good 0-0: Ball
António Glaviz steals 2nd base
1-0: SINGLE (Groundball, 4M)
António Glaviz to third
Batting: RHB Iván De Jesús 0-0: Ball
1-0: Called Strike
1-1: Ball
2-1: Foul Ball, location: 2F
2-2: Strikes out swinging
Batting: RHB Salvador Salas 0-0: Ball
1-0: DOUBLE (Line Drive, 78M)
António Glaviz scores
Andrew Good to third
Batting: RHB John Mendelson 0-0: Ground out 6-3 (Groundball, 6)
Andrew Good scores
Batting: RHB Wilson López 0-0: Ball
1-0: Swinging Strike
1-1: Swinging Strike
1-2: Foul Ball, location: 2F
1-2: Ball
2-2: Ground out 4-3 (Groundball, 4)
Top of the 5th over - 2 run(s), 2 hit(s), 0 error(s), 1 left on base; Vista 3 - Seattle 5
BOTTOM OF THE 5TH
Seattle Pikes batting - Pitching for Vista Panthers : RHP Mario Chávez
Pitching: RHP José Betancourt
Batting: RHB Emílio Bruno 0-0: Ground out U3 (Groundball, 3)
Batting: RHB Dennis Stephenson 0-0: Ball
1-0: Ball
2-0: Ball
3-0: Base on Balls
Batting: RHB Iván Gonzáles 0-0: Called Strike
0-1: Ball
1-1: Foul Ball, location: 2F
1-2: Strikes out looking
Batting: RHB Murai Ishihara 0-0: Foul Ball, location: 2F
0-1: Foul Ball, location: 2F
0-2: Ground out 1-3 (Groundball, 13S)
Bottom of the 5th over - 0 run(s), 0 hit(s), 0 error(s), 1 left on base; Vista 3 - Seattle 5
TOP OF THE 6TH
Vista Panthers batting - Pitching for Seattle Pikes : RHP Jesús Mendoza
Batting: SHB Juan Gómez 0-0: Hit by Pitch
Pinch Runner at 1st Alonso Sánchez:
Batting: RHB Javier Deleón 0-0: Ball
1-0: Called Strike
1-1: Ball
2-1: Fly out, F9 (Flyball, 9M)
Batting: LHB Harry Pitts 0-0: Ball
1-0: Called Strike
Alonso Sánchez is caught stealing 2nd base
1-1: Called Strike
1-2: Fly out, F7 (Line Drive, 7D)
Top of the 6th over - 0 run(s), 0 hit(s), 0 error(s), 0 left on base; Vista 3 - Seattle 5
BOTTOM OF THE 6TH
Seattle Pikes batting - Pitching for Vista Panthers : RHP José Betancourt
Batting: RHB Naomi Kitamura 0-0: Ball
1-0: Called Strike
1-1: Ball
2-1: Ball
3-1: Base on Balls
Pinch Hitting: LHB Luka Lagerweij 0-0: Called Strike
0-1: Ball
1-1: Ball
Throwing error on steal attempt, E2
Naomi Kitamura to third
2-1: Intentional Walk
Batting: RHB Tae-kwon Kwon 0-0: Ball
1-0: Called Strike
1-1: Ground out 6-3 (Groundball, 6)
Luka Lagerweij to second
Pinch Hitting: RHB Manuel Rico 0-0: Called Strike
0-1: Ball
1-1: Foul Ball, location: 2F
1-2: Ball
2-2: Foul Ball, location: 2F
2-2: Foul Ball, location: 2F
2-2: Ground out 1-3 (Groundball, 15S)
Pinch Hitting: LHB Chad Weaver 0-0: Ball
1-0: Called Strike
1-1: Ball
2-1: Fly out, F7 (Flyball, 7LM)
Bottom of the 6th over - 0 run(s), 0 hit(s), 1 error(s), 2 left on base; Vista 3 - Seattle 5
TOP OF THE 7TH
Vista Panthers batting - Pitching for Seattle Pikes : RHP Jesús Mendoza
Pitching: RHP Kenshin Kubota
Now at 1B: Eduardo Gómez
Now in CF: Manuel Rico
Now in RF: Chad Weaver
Batting: LHB António Glaviz 0-0: Foul Ball, location: 2F
0-1: Ball
1-1: Ball
2-1: Ball
3-1: Ground out 4-3 (Groundball, 4)
Batting: RHB Andrew Good 0-0: Ball
1-0: SINGLE (Line Drive, 6MD)
Pinch Hitting: LHB Jesús González 0-0: Called Strike
0-1: Foul Ball, location: 2F
0-2: Foul Ball, location: 2F
0-2: Ball
1-2: Ball
2-2: Strikes out swinging
Pinch Hitting: LHB Pablo Rivas 0-0: Ball
1-0: Ball
2-0: Ball
3-0: SINGLE (Line Drive, 34)
Andrew Good to second
Pinch Hitting: LHB Patrick Osborne 0-0: Fly out, F7 (Flyball, 7LM)
Top of the 7th over - 0 run(s), 2 hit(s), 0 error(s), 2 left on base; Vista 3 - Seattle 5
BOTTOM OF THE 7TH
Seattle Pikes batting - Pitching for Vista Panthers : RHP José Betancourt
Pitching: LHP Manuel Parra
Now at 1B: Jesús González
Now at 2B: Carlos Carrillo
Now in LF: Pablo Rivas
Pinch Hitting: RHB Dave Morgan 0-0: Foul Ball, location: 2F
0-1: Ball
1-1: SINGLE (Line Drive, 89S)
Pitching: RHP Cedric Sherston
Batting: RHB Reynold Akker 0-0: Called Strike
0-1: Ball
1-1: Ball
2-1: Foul Ball, location: 2F
2-2: Ball
3-2: DOUBLE (Flyball, 7LD)
Dave Morgan to third
Runner from 3rd tries for Home, throw and OUT!
Reynold Akker to third
Pinch Hitting: SHB Jong-min Kim 0-0: Ball
1-0: Fly out, F1 (Popup, 15)
Pinch Hitting: SHB António Hernández 0-0: TRIPLE (Groundball, 3L)
Reynold Akker scores
Pitching: LHP Xavier Velázquez
Pinch Hitting: RHB George Howard 0-0: DOUBLE (Flyball, 89XD)
António Hernández scores
Batting: LHB Eduardo Gómez 0-0: Foul Ball, location: 2F
0-1: Called Strike
0-2: Ground out 6-3 (Groundball, 6M)
Bottom of the 7th over - 2 run(s), 4 hit(s), 0 error(s), 1 left on base; Vista 3 - Seattle 7
TOP OF THE 8TH
Vista Panthers batting - Pitching for Seattle Pikes : RHP Kenshin Kubota
Now at 2B: António Hernández
Now at 3B: Jong-min Kim
Now at SS: George Howard
Now in LF: Dave Morgan
Pinch Hitting: RHB Roberto Cruz 0-0: Called Strike
0-1: Called Strike
0-2: Ball
1-2: Fly out, F9 (Flyball, 9LSF)
Batting: RHB Alonso Sánchez 0-0: Foul Ball, location: 2F
0-1: Ball
1-1: Ball
2-1: SINGLE (Line Drive, 34D)
Pinch Hitting: LHB Bob Cunningham 0-0: Ball
1-0: Called Strike
1-1: Foul Ball, location: 2F
1-2: 2-RUN HOME RUN (Flyball, 9D), Distance : 393 ft
Batting: LHB Harry Pitts 0-0: Ball
1-0: Ball
2-0: Called Strike
2-1: Swinging Strike
2-2: Foul Ball, location: 2F
2-2: Ball
3-2: Strikes out swinging
Batting: LHB António Glaviz 0-0: Swinging Strike
0-1: Ball
1-1: Swinging Strike
1-2: Strikes out swinging
Top of the 8th over - 2 run(s), 2 hit(s), 0 error(s), 0 left on base; Vista 5 - Seattle 7
BOTTOM OF THE 8TH
Seattle Pikes batting - Pitching for Vista Panthers : LHP Xavier Velázquez
Now at 3B: Danny Crouch
Now at SS: Luis Castillo
Batting: RHB Tae-kwon Kwon 0-0: Ground out 6-3 (Groundball, 56)
Batting: RHB Manuel Rico 0-0: Ball
1-0: Ball
2-0: Ball
3-0: Called Strike
3-1: Fly out, F3 (Popup, 34)
Batting: LHB Chad Weaver 0-0: Swinging Strike
0-1: Swinging Strike
0-2: Ball
1-2: Strikes out swinging
Bottom of the 8th over - 0 run(s), 0 hit(s), 0 error(s), 0 left on base; Vista 5 - Seattle 7
TOP OF THE 9TH
Vista Panthers batting - Pitching for Seattle Pikes : RHP Kenshin Kubota
Pitching: LHP Jerry Beck
Pinch Hitting: RHB Jason Jackson 0-0: Called Strike
0-1: SINGLE (Line Drive, 56D)
Batting: LHB Jesús González 0-0: Foul Ball, location: 2F
0-1: Swinging Strike
0-2: Ball
1-2: Fly out, F8 (Flyball, 8RM)
Batting: LHB Pablo Rivas 0-0: Ball
1-0: Foul Ball, location: 2F
1-1: Ball
2-1: Swinging Strike
2-2: Ball
3-2: Strikes out looking
Batting: RHB Carlos Carrillo 0-0: Ball
1-0: Ball
2-0: Ball
3-0: Base on Balls
Jason Jackson to second
Batting: RHB Danny Crouch 0-0: Called Strike
0-1: Ground out 6-3 (Groundball, 6)
Top of the 9th over - 0 run(s), 1 hit(s), 0 error(s), 2 left on base; Vista 5 - Seattle 7
This league is powered by Out of the Park Baseball, the baseball management simulation game for PC, Mac and Linux
Saturday, April 9th, 2016 - OOTP Baseball 16.8 Build 38